 Dungeon Crawl Stone Soup version 0.28-b1-25-g9875b3fc8c (webtiles) character file.

Game seed: 11016119495768917338

350 sanka the Magician (level 6, -1/46 HPs)
             Began as a Djinni Cinder Acolyte on Feb 4, 2022.
             Was a High Priest of Ignis.
             Slain by a hell rat (13 damage)
             ... in a sewer.
             The game lasted 00:03:59 (3230 turns).

sanka the Magician (Djinni Cinder Acolyte)          Turns: 3230, Time: 00:04:01

Health: -1/46      AC:  2    Str: 13    XL:     6   Next: 92%
Gold:   75         EV: 11    Int: 18    God:    Ignis [*****.] SH:  0 Dex:  8

rFire   + + +      SeeInvis .   h - +5 hunting sling of Slow Death {vorpal, rC+}
rCold   . . .      Faith    .   (no shield)
rNeg    . . .      Spirit   .   a - +0 robe
rPois   ∞          Reflect  .   (no helmet)
rElec   .          Harm     .   (no cloak)
rCorr   .          Rampage  .   (no gloves)
Will    .....                   (boots unavailable)
Stlth   +.........              (no amulet)
HPRegen 0.15/turn               (no ring)
MPRegen 0.00/turn               (no ring)

@: flying, very slightly contaminated
A: sickness immunity, fire resistance 2, cold vulnerability 1, float, innate
caster, HP casting, extra vitality 1
a: Renounce Religion, Fiery Armour, Foxfire Swarm, Rising Flame


You were in a sewer.
You worshipped Ignis.
Ignis was extremely pleased with you.
You visited 1 branch of the dungeon, and saw 3 of its levels.
You also visited: Sewer.

You collected 75 gold pieces.

Inventory:

Hand Weapons
 h - the +5 hunting sling of Slow Death (weapon) {vorpal, rC+}
   (You found it on level 2 of the Dungeon)

   Any ammunition fired from it inflicts extra damage upon your enemies.
   rC:        It protects you from cold.
Missiles
 i - 13 sling bullets
 j - 126 stones (quivered ammo)
Armour
 a - a +0 robe (worn)
Jewellery
 e - a +4 ring of slaying
Scrolls
 b - 2 scrolls of teleportation {unknown}
 c - 3 scrolls of vulnerability {unknown}
 d - a scroll of identify {unknown}
 g - a scroll of magic mapping {unknown}
Potions
 f - a potion of cancellation {unknown}


   Skills:
 - Level 3.0 Fighting
 - Level 3.0 Unarmed Combat
 + Level 5.5 Spellcasting


You had 11 spell levels left.
You knew the following spells:

 Your Spells              Type           Power      Damage    Failure   Level
a - Scorch                Fire           50%        2d7       1%          2
b - Beastly Appendage     Tmut           50%        N/A       1%          1
c - Corpse Rot            Necr/Air       50%        N/A       1%          2
Your spell library was empty.

Dungeon Overview and Level Annotations

Branches:
Dungeon (3/15)              Sewer (1/1)

Altars:


Innate Abilities, Weirdness & Mutations

You are immune to sickness and miasma.
You are immune to poison.
Your flesh is very heat resistant. (rF++)
You are vulnerable to cold. (rC-)
You float through the air rather than walking.
You learn spells naturally, not from books.
Your magical power is your life essence.
You have superior vitality. (+4 MHP)


Message History

A rat comes into view.
The rat twitches its whiskers.
You see here a stone.
You shoot a stone. The stone hits the rat!
You kill the rat!
No target in view!
No target in view!
No target in view!
j - 124 stones (gained 1)
j - 125 stones (gained 1)
j - 126 stones (gained 1)
You reach down and open the door.
A hell rat comes into view.
The hell rat roars deafeningly!
Found four items.
Found a gate leading back out of this place.
A hell rat is nearby!
Flames lash the hell rat.
The hell rat is lightly wounded.
The hell rat's fire resistance burns away.
The hell rat is engulfed in a cloud of scalding steam.
The hell rat bites you!
Flames lash the hell rat.
The hell rat is heavily wounded.
The hell rat bites you!!
You are too injured to fight recklessly!
You are too injured to fight recklessly!
Casting: Scorch (safe; 1% risk of failure)
Confirm with . or Enter, or press ? or * to list all spells.
Flames lash the hell rat.
The hell rat is burned terribly!
The hell rat is severely wounded.
The hell rat barely misses you.
Casting: Scorch (safe; 1% risk of failure)
Confirm with . or Enter, or press ? or * to list all spells.
You miscast Scorch.
You are very lightly contaminated with residual magic.
Nothing appears to happen.
* * * LOW HITPOINT WARNING * * *
The hell rat bites you!
You die...

#≈.≈≈≈.≈#
##..≈≈≈≈≈##
#...###≈≈≈#
##≈.##.##†≈##
#≈..#≈≈.#..≈#
#≈.##?≈≈##≈≈#
#≈.#$:≈§.#.≈#
#∩∩#∩!≈≈≈r.≈#
#..# #@.#
#≈.## ##≈.#
#.≈.# #≈.≈#
##.≈## ##≈≈##
#.≈≈###≈..#
##....≈≈.##
#...≈≈..#
###≈.≈###
#####


You could see a hell rat (combustible).

Vanquished Creatures
  Sigmund (D:2)
  A sky beast (D:3)
  A gnoll (D:1)
  A river rat (Sewer)
  2 adders (D:2)
  A worm (D:2)
  A dart slug (D:2)
  7 endoplasms
  5 giant cockroaches
  3 goblins
  2 hobgoblins
  6 jackals
  2 kobolds (D:1)
  3 quokkas
  4 ball pythons
  2 bats (D:1)
  A frilled lizard (D:1)
  8 rats
51 creatures vanquished.

Vanquished Creatures (others)
  A plant (D:3)
1 creature vanquished.

Grand Total: 52 creatures vanquished

Notes
Turn   | Place    | Note
-------+----------+-------------------------------------------
     0 | D:1      | sanka the Djinni Cinder Acolyte began the quest for the
                  | Orb.
     0 | D:1      | Reached XP level 1. HP: 20/20 MP: 0/0
   352 | D:1      | Reached XP level 2. HP: 21/25 MP: 0/0
   606 | D:1      | Reached skill level 3 in Spellcasting
   716 | D:1      | Reached XP level 3. HP: 25/30 MP: 0/0
   716 | D:1      | Learned a level 1 spell: Beastly Appendage
  2047 | D:2      | Noticed Sigmund
  2065 | D:2      | Killed Sigmund
  2066 | D:2      | Reached skill level 4 in Spellcasting
  2066 | D:2      | Reached XP level 4. HP: 17/35 MP: 0/0
  2066 | D:2      | Reached XP level 5. HP: 19/40 MP: 0/0
  2066 | D:2      | Learned a level 2 spell: Corpse Rot
  2066 | D:2      | Reached XP level 6. HP: 22/46 MP: 0/0
  2309 | D:2      | Reached skill level 5 in Spellcasting
  2571 | D:2      | Identified the +5 hunting sling of Slow Death {vorpal, rC+}
  2800 | D:3      | Noticed a sky beast
  2805 | D:3      | Killed a sky beast
  3070 | D:3      | Found a glowing drain.
  3160 | Sewer    | Entered a sewer
  3230 | Sewer    | Slain by a hell rat

Illustrated notes

Levels and vault maps discovered:
D:1:      shiori_arrival_maze, layout_basic, minmay_pentomino_x2
D:2:      layout_basic, uniq_sigmund
D:3:      layout_basic, portal_sewer_entry_f, shapermc_ecumenical_altar_petra,
          minmay_crystal_room
Sewer:    sewer_hellmonk_bad_rat

Skill      XL: |  1  2  3  4  5  6 |
---------------+-------------------+-----
Spellcasting   | 3 4 5 |  5.5
Fighting       | |  3.0
Unarmed Combat | |  3.0

Action                   |  1- 3 |  4- 6 || total
-------------------------+-------+-------++-------
Melee: Unarmed           |    26 |       ||    26
 Fire: Hunting sling     |       |    40 ||    40
 Cast: Scorch            |    29 |    17 ||    46
Armor: Robe              |     7 |     6 ||    13
Dodge: Dodged            |    11 |    11 ||    22
